 Dungeon Crawl Stone Soup version 0.32-a0-928-g1cae6b7ea0 (webtiles) character file.

Game seed: 7494572585845133999

32 kae the Changeling (level 3, -2/26 HPs)
             Began as a Demonspawn Shapeshifter on Apr 12, 2024.
             Slain by an iguana (10 damage)
             ... on level 2 of the Dungeon.
             The game lasted 00:00:46 (934 turns).

kae the Changeling (Demonspawn Shapeshifter)         Turns: 934, Time: 00:00:46

Health: -2/26      AC:  2    Str: 14    XL:     3   Next: 8%
Magic:  3/3        EV: 11    Int: 10    God:
Gold:   31         SH:  0    Dex: 14    Spells: 2/2 levels left

rFire   . .          .
                       - Unarmed
rCold   . . .        (no shield)
rNeg    . . .        a - +0 animal skin
rPois   .            (helmet currently unavailable)
rElec   .            (cloak currently unavailable)
rCorr   .            (gloves currently unavailable)
SInv    .            (boots currently unavailable)
Will    .....        (no amulet)
Stlth   +            (no ring)
HPRegen 0.24/turn    (no ring)
MPRegen 0.08/turn

%: no passive effects
@: beast-form
A: beast (slay +1), claws 1, foul stench 1
a: Begin Untransformation


You were on level 2 of the Dungeon.
You were a hulking beast.
You visited 1 branch of the dungeon, and saw 2 of its levels.

You collected 31 gold pieces.


Innate Abilities, Weirdness & Mutations

You are a hulking beast.
Your limbs bulge with bestial killing power. (Slay +1)
You have sharp fingernails.
You may rarely emit foul miasma when damaged in melee.


   Skills:
 - Level 1.0 Fighting
 - Level 1.7 Dodging
 + Level 3.1 Unarmed Combat
 * Level 3.4 Shapeshifting


You had 2 spell levels left.
You didn't know any spells.
Your spell library was empty.

Inventory:

Missiles
 h - 10 stones (quivered)
Armour
 a - a +0 animal skin (worn)
Jewellery
 I - a +6 ring of intelligence
   (You found it on level 1 of the Dungeon)
 W - a ring of magical power
   (You found it on level 1 of the Dungeon)
 Z - a ring of wizardry
   (You found it on level 1 of the Dungeon)
Talismans
 c - a beast talisman (active)
 d - a flux talisman
Potions
 b - 2 potions of lignification {!q}
 e - a potion of curing {unknown}
 i - a potion of enlightenment {unknown}
 k - a potion of resistance {unknown}

Dungeon Overview and Level Annotations

Branches:
Dungeon (2/15) Zot: 11068

Altars:

# .# .# ######.#
########......##
.......<.......#
..#......##.##.#
........###....#
..#.#.### ###h.#
. # ## #l.# ...#
##!.# #... #.###
#.# #.#


You could see an iguana.


Message History

A frilled lizard comes into view.
The frilled lizard hisses angrily.
A frilled lizard is nearby!
A frilled lizard is nearby!
The frilled lizard bites you but does no damage.
You miss the frilled lizard. The frilled lizard closely misses you.
A frilled lizard is nearby!
You claw the frilled lizard!
You kill the frilled lizard!
No target in view!
You open the door.
There is an open door here.
Key pressed, stopping explore.
No target in view!
No target in view!
You open the door.
There is an open door here.
Key pressed, stopping explore.
No target in view!
No target in view!
A goblin comes into view. It is wielding a +0 dagger.
The helpless goblin fails to defend itself.
You claw the goblin!
You kill the goblin!
You have reached level 3!
Your experience leads to an increase in your attributes!
Increase (S)trength, (I)ntelligence, or (D)exterity?
You feel agile. x2; Your demonic ancestry asserts itself...
You begin to emit a foul stench of rot and decay. 😎 HP[+5] MP[+1]
You now have 26 max hp (+5).
Your hp is fully restored (26).
Your mp is fully restored (3).
You see here a +0 dagger.
k - a cyan potion No target in view!
No target in view!
Done exploring.
No target in view!
No target in view!
Done exploring.
Done exploring.
No target in view!
No target in view!
Done exploring.
No target in view!
No target in view!
Done exploring.
As you read the scroll labelled GIOSKA ZIRACI, it crumbles to dust.
You feel strangely unstable.
It was a scroll of teleportation.
As you read the scroll labelled LADOITU YWINUONUI, it crumbles to dust.
It is a scroll of amnesia.
You feel forgetful for a moment.
Blink to where?
Press: ? - help, Dir - move target, f - you
Okay, then.
As you read the scroll labelled SUIXOI OTTILL, it crumbles to dust.
It was a scroll of blinking.
Your surroundings suddenly seem different.
You open the door.
There is an open door here.
There is a stone staircase leading down here.
You climb downwards.
There is a stone staircase leading up here.
A ribbon worm is nearby!
A ribbon worm is nearby!
A ribbon worm is nearby!
A ribbon worm is nearby!
You scratch the ribbon worm. The ribbon worm bites you.
You emit a cloud of foul miasma!
You scratch the ribbon worm.
The ribbon worm is engulfed in dark miasma.
The ribbon worm is poisoned.
The ribbon worm seems to slow down.
The ribbon worm barely misses you. 😕 HP[-3]
You take 3 damage, and now have 23/26 hp.
A ribbon worm is nearby!
You barely miss the ribbon worm.
The ribbon worm is no longer moving slowly.
You completely miss the ribbon worm.
The ribbon worm is engulfed in dark miasma.
The ribbon worm looks even sicker.
You kill the ribbon worm! 😕 HP[+1]
An iguana comes into view.
The iguana hisses angrily. 😎 HP[+2]
Your hp is fully restored (26).
An iguana is nearby!
Unknown command.
An iguana is nearby!
An iguana is nearby!
The iguana bites you!
You scratch the iguana. The iguana bites you!
* * * LOW HITPOINT WARNING * * *
😨 HP[-18]
You take 18 damage, and now have 8/26 hp.
MASSIVE DAMAGE!! (PAUSE)
You scratch the iguana. The iguana bites you!
You die...

Skill      XL: |  1  2 |
---------------+-------+-----
Shapeshifting  | 3 |  3.4
Unarmed Combat | 3 |  3.1
Fighting       | |  1.0
Dodging        | |  1.7

Action                     || total
---------------------------++-------
  Melee: Unarmed           ||    67
         Punch             ||     2
    Use: Scroll            ||     3
   Stab: Sleeping          ||     2
 Armour: Animal skin       ||    54
  Dodge: Dodged            ||    47

Levels and vault maps discovered:
D:1:      roderic_crossed_star, layout_basic, grunt_decor_resistance
D:2:      layout_loops_ring, basic_altar, chequers_big_river

Notes
Turn   | Place    | Note
-------+----------+-------------------------------------------
     0 | D:1      | kae the Demonspawn Shapeshifter began the quest for the
                  | Orb.
     0 | D:1      | Reached XP level 1. HP: 15/15 MP: 1/1
     0 | D:1      | magus.rc [v1.11.3]
   124 | D:1      | Reached skill level 3 in Shapeshifting
   147 | D:1      | Gained mutation: You have sharp fingernails. [demonic
                  | ancestry]
   147 | D:1      | Reached XP level 2. HP: 21/21 MP: 2/2
   276 | D:1      | Reached skill level 3 in Unarmed Combat
   848 | D:1      | Gained mutation: You may rarely emit foul miasma when
                  | damaged in melee. [demonic ancestry]
   848 | D:1      | Reached XP level 3. HP: 26/26 MP: 3/3
   934 | D:2      | Slain by an iguana

Vanquished Creatures
  A ribbon worm (D:2)
  A dart slug (D:1)
  4 endoplasms (D:1)
  A giant cockroach (D:1)
  3 goblins (D:1)
  2 hobgoblins (D:1)
  A quokka (D:1)
  2 ball pythons (D:1)
  4 bats (D:1)
  3 frilled lizards (D:1)
  4 kobolds (D:1)
26 creatures vanquished.

Table legend:
 A = Non-vault XP
 B = Vault XP
 C = Vault XP percentage of total XP
 D = Non-vault monster count
 E = Vault monster count
 F = Vault count percentage of total count
                 A         B        C        D         E       F
            +---------+---------+-------+---------+---------+-------
      Total |      46 |       0 |   0.0 |      26 |       0 |   0.0
            +---------+---------+-------+---------+---------+-------
        D:1 |      41 |       0 |   0.0 |      25 |       0 |   0.0
        D:2 |       5 |       0 |   0.0 |       1 |       0 |   0.0
            +---------+---------+-------+---------+---------+-------

Skill      XL: |  1  2 |
---------------+-------+-----
Shapeshifting  | 3 |  3.4
Unarmed Combat | 3 |  3.1
Fighting       | |  1.0
Dodging        | |  1.7

Action                     || total
---------------------------++-------
  Melee: Unarmed           ||    67
         Punch             ||     2
    Use: Scroll            ||     3
   Stab: Sleeping          ||     2
 Armour: Animal skin       ||    54
  Dodge: Dodged            ||    47

Illustrated notes

Table legend:
 A = Kills in this place as a percentage of kills in the entire game.
 B = Kills by you in this place as a percentage of kills by you in the entire game.
 C = Kills by friends in this place as a percentage of kills by friends in the entire game.
 D = Other kills in this place as a percentage of other kills in the entire game.
 E = Experience gained in this place as a percentage of experience gained in the entire game.
 F = Experience gained in this place divided by the number of levels of this place that you have seen.
                   A       B       C       D       E      F
               +-------+-------+-------+-------+-------+----------------------
         Total | 100.0 | 100.0 |   N/A |   N/A | 100.0 |  23.0
       Dungeon | 100.0 | 100.0 |   N/A |   N/A | 100.0 |  23.0
               +-------+-------+-------+-------+-------+----------------------

Table legend: (Time is in decaauts)
 A = Elapsed time spent in this place.
 B = Non-inter-level travel time spent in this place.
 C = Inter-level travel time spent in this place.
 D = Time resting spent in this place.
 E = Time spent auto-exploring this place.
 F = Levels seen in this place.
 G = Mean time per level.
                   A        B        C        D        E       F      G
               +--------+--------+--------+--------+--------+-----+--------+
         Total |    930 |    905 |     25 |     62 |    690 |   2 |  465.0 |
       Dungeon |    930 |    905 |     25 |     62 |    690 |   2 |  465.0 |
               +--------+--------+--------+--------+--------+-----+--------+

Top non-repeatable levels by time:
     D:1: 909 daAuts
     D:2: 20 daAuts
